 Dungeon Crawl Stone Soup version 0.27-a0-828-g8289197e94 (webtiles) character file.

Game seed: 263440241439748416

112 dickylongcocking the Magician (level 4, -1/34 HPs)
             Began as a Djinni Summoner on Mar 31, 2021.
             Slain by a phantom (7 damage)
             ... on level 4 of the Dungeon.
             The game lasted 00:05:13 (4861 turns).

dickylongcocking the Magician (Djinni Summoner)     Turns: 4861, Time: 00:05:14

Health: -1/34      AC:  5    Str:  7    XL:     4   Next: 95%
Gold:   49         EV: 12    Int: 18    God:
                   SH:  5    Dex: 13

rFire    + + .     SeeInvis .   u - +0 falchion
rCold    x . .     Faith    .   (no shield)
rNeg     . . .     Spirit   .   q - +0 steam dragon scales
rPois    ∞         Reflect  +   (no helmet)
rElec    .         Harm     .   (no cloak)
rCorr    .         Rampage  .   (no gloves)
Will     .....                  (boots unavailable)
Stlth    ++........             f - amulet of reflection
HPRegen  0.11/turn              (no ring)
MPRegen  0.00/turn              (no ring)

@: flying, very slightly contaminated
A: fire resistance 2, cold vulnerability 1, float, innate caster, hp casting,
extra vitality 1
a: no special abilities


You were on level 4 of the Dungeon.
You visited 1 branch of the dungeon, and saw 4 of its levels.

You collected 49 gold pieces.

Inventory:

Hand Weapons
 g - a +0 club
 j - a +0 dagger
 t - a +0 war axe
 u - a +0 falchion (weapon)
Armour
 a - a +0 robe
 i - a +0 ring mail
 m - a +0 ring mail of poison resistance
 q - +0 steam dragon scales (worn)
Magical Staves
 r - a staff of air
Jewellery
 f - an amulet of reflection (around neck)
 o - an amulet of magic regeneration
Scrolls
 c - a scroll of identify
 e - a scroll of amnesia
Potions
 d - a potion of brilliance {unknown}
 h - a potion of haste
 p - a potion of invisibility


   Skills:
 + Level 2.5 Fighting
 - Level 2.1 Dodging
 - Level 1.5 Stealth
 * Level 4.6 Spellcasting


You couldn't memorise any spells.
You knew the following spells:

 Your Spells              Type           Power      Damage    Failure   Level
a - Summon Small Mammal   Summ           84%        N/A       1%          1
b - Call Imp              Summ           21%        N/A       3%          2
c - Call Canine Familiar  Summ           21%        N/A       6%          3
d - Summon Guardian Gole  Hex/Summ       21%        N/A       6%          3
e - Summon Lightning Spi  Summ/Air       21%        N/A       21%         4
f - Summon Ice Beast      Ice/Summ       21%        N/A       21%         4
g - Corona                Hex            23%        N/A       1%          1
Your spell library was empty.

Dungeon Overview and Level Annotations

Branches:
Dungeon (4/15)
 Temple: D:4-7

Altars:

Shops:
D:4 ?


Innate Abilities, Weirdness & Mutations

You are immune to poison.
Your flesh is very heat resistant. (rF++)
You are vulnerable to cold. (rC-)
You float through the air rather than walking.
You learn spells naturally, not from books.
Your magical power is your life essence.
You have superior vitality. (+4 HP)


Message History

Aim: a phantom (severely damaged, ally target) Attack!
Your crimson imp blinks!
Unknown command.
Your lightning spire shoots out a bolt of lightning at the phantom!
The bolt of electricity hits the phantom!
Unknown command.
What are your orders? t - Shout!
Orders for allies: a - Attack new target. p - Attack previous target. r - Retreat! s - Stop attacking. g - Guard the area. f - Follow me.
Anything else - Cancel.
Gang up on whom?
Press: ? - help, Dir - move target, f/p - phantom
Aim: a phantom (almost destroyed, ally target) Attack!
Your crimson imp blinks!
Unknown command.
Unknown command.
You flicker back into view.
You closely miss the phantom.
The phantom is almost destroyed.
The phantom hits you but does no damage.
You block the phantom's attack.
You hit the phantom but do no damage.
The phantom is almost destroyed.
The phantom hits you.
* * * LOW HITPOINT WARNING * * *
Unknown command.
You closely miss the phantom.
The phantom is almost destroyed.
The phantom hits you.
* * * LOW HITPOINT WARNING * * *
Unknown command.
Unknown command.
You hit the phantom but do no damage.
The phantom is almost destroyed.
The phantom hits you!
You die...

#######.##.........§..
#.##.#.########.
#.##.....## #.
#.#..###..## #W #...##
##..## #. ##..##
##..###. ##8.##
##..... #8W## ##....
#@## ##..# #.# #..#
#.## # #..# #..###..#
...# ##.....# ....#
#####..... ....##
....##### ##


You could see a phantom (ally target), a friendly guardian golem (summoned) and
a friendly lightning spire (summoned, sheltered).

Vanquished Creatures
  An adder (D:2)
  An endoplasm (D:1)
  A goblin (D:1)
  3 ball pythons
  4 bats
  2 frilled lizards (D:3)
  2 kobolds
  2 rats (D:3)
16 creatures vanquished.

Vanquished Creatures (collateral kills)
  An ogre (D:3)
  A hound skeleton (D:4)
  2 gnolls (D:4)
  4 adders
  A dart slug (D:3)
  2 endoplasms
  A giant cockroach (D:2)
  4 hobgoblins
  A quokka (D:1)
  A rat (D:3)
18 creatures vanquished.

Grand Total: 34 creatures vanquished

Notes
Turn   | Place    | Note
-------+----------+-------------------------------------------
     0 | D:1      | dickylongcocking the Djinni Summoner began the quest for
                  | the Orb.
     0 | D:1      | Reached XP level 1. HP: 15/15 MP: 0/0
  1103 | D:1      | Reached skill level 1 in Fighting
  1103 | D:1      | Reached XP level 2. HP: 14/22 MP: 0/0
  2109 | D:2      | Reached skill level 4 in Spellcasting
  2109 | D:2      | Reached XP level 3. HP: 26/28 MP: 0/0
  2109 | D:2      | Learned a level 1 spell: Corona
  2186 | D:2      | You are sucked into a shaft and drop 1 floor!
  3075 | D:3      | Noticed an ogre
  3104 | D:3      | Killed an ogre
  3105 | D:3      | Reached XP level 4. HP: 23/34 MP: 0/0
  4110 | D:4      | Noticed a phantom
  4175 | D:4      | Found Kowat's Magic Scroll Shop.
  4861 | D:4      | Slain by a phantom

Illustrated notes

Levels and vault maps discovered:
D:1:      lemuel_arrival_muddy, layout_basic, chequers_mini_garden
D:2:      layout_loops_ring, serial_glass, glass_columns_c, glass_columns_b
D:3:      layout_loops_ring, corexii_hall_statues_l
D:4:      layout_loops_ring, chequers_temple_overflow_minitemple,
          minmay_shop_grid_forest, nemelex_spade_bored_becter,
          uniq_crazy_yiuf_cottage

Skill      XL: |  1  2  3 |
---------------+----------+-----
Fighting       | 1 2 |  2.5
Spellcasting   | 4 |  4.6
Dodging        | |  2.1
Stealth        | |  1.5

Action                   |  1- 3 |  4- 6 || total
-------------------------+-------+-------++-------
Melee: Club              |    21 |       ||    21
       Unarmed           |     9 |       ||     9
       Dagger            |    88 |       ||    88
       Staff             |       |    14 ||    14
       Falchion          |       |    12 ||    12
       War axe           |       |     1 ||     1
 Cast: Summon Small Mamm |    11 |       ||    11
       Call Imp          |    12 |     1 ||    13
       Call Canine Famil |     4 |    12 ||    16
       Summon Guardian G |       |     2 ||     2
       Summon Ice Beast  |       |     1 ||     1
       Summon Lightning  |       |     1 ||     1
  Use: Scroll            |       |     7 ||     7
       Potion            |       |     7 ||     7
 Stab: Sleeping          |     2 |       ||     2
       Distracted        |     1 |       ||     1
Armor: Ring mail         |    35 |       ||    35
       Robe              |     4 |       ||     4
       Steam dragon scal |       |    12 ||    12
Dodge: Dodged            |    68 |    26 ||    94
Block: Other             |    42 |    17 ||    59
       Reflection        |     1 |       ||     1
       Rpst.: Falchion   |       |     3 ||     3

Table legend: (Time is in decaauts)
 A = Elapsed time spent in this place.
 B = Non-inter-level travel time spent in this place.
 C = Inter-level travel time spent in this place.
 D = Time resting spent in this place.
 E = Time spent auto-exploring this place.
 F = Levels seen in this place.
 G = Mean time per level.
                   A        B        C        D        E       F      G
               +--------+--------+--------+--------+--------+-----+--------+
         Total |   4823 |   4703 |    120 |   1384 |   2674 |   4 | 1205.8 |
       Dungeon |   4823 |   4703 |    120 |   1384 |   2674 |   4 | 1205.8 |
               +--------+--------+--------+--------+--------+-----+--------+

Top non-repeatable levels by time:
     D:3: 1648 daAuts
     D:1: 1482 daAuts
     D:2: 1442 daAuts
     D:4: 250 daAuts
